 Dungeon Crawl Stone Soup version 0.28-a0-983-g1de4e0787c (webtiles) character file.

Game seed: 16687455278712282887

2766 Glundar the Shield-Bearer (level 9, 0/57 HPs)
             Began as a Gargoyle Fighter on Dec 3, 2021.
             Was a Believer of Okawaru.
             Slain by a hornet (9 damage)
             ... on level 7 of the Dungeon.
             The game lasted 00:29:58 (8591 turns).

Glundar the Shield-Bearer (Gargoyle Fighter)        Turns: 8591, Time: 00:29:59

Health: 0/57       AC: 26    Str: 24    XL:     9   Next: 69%
Magic:  9/9        EV:  7    Int: 14    God:    Okawaru [**....]
Gold:   298        SH:  9    Dex:  9    Spells: 8/8 levels left

rFire   + . .      SeeInvis .   x - +2 hand axe (vamp)
rCold   . . .      Faith    .   j - +0 kite shield
rNeg    + . .      Spirit   .   n - +5 chain mail of Oleoh {rF+ Int+5}
rPois   ∞          Reflect  .   (no helmet)
rElec   +          Harm     .   f - +1 cloak
rCorr   .          Rampage  .   (no gloves)
Will    .....                   r - +1 pair of boots
Stlth   ..........              (no amulet)
HPRegen 0.19/turn               (no ring)
MPRegen 0.11/turn               (no ring)

@: no status effects
A: sickness immunity, AC +6, negative energy resistance 1, electricity
resistance, torment resistance 1, petrification resistance
a: Renounce Religion, Heroism


You were on level 7 of the Dungeon.
You worshipped Okawaru.
Okawaru was pleased with you.
You visited 2 branches of the dungeon, and saw 9 of its levels.
You also visited: Sewer.

You collected 334 gold pieces.
You spent 36 gold pieces at shops.

Inventory:

Hand Weapons
 a - a +0 war axe
 b - a +0 hunting sling
 x - a +2 vampiric hand axe (weapon)
 C - a +0 spear
 E - a +0 short sword
Missiles
 c - 35 sling bullets
 h - 51 poisoned darts (quivered)
 y - 2 atropa-tipped darts
Armour
 f - a +1 cloak (worn)
 j - a +0 kite shield (worn)
 n - the +5 chain mail of Oleoh (worn) {rF+ Int+5}
   (You found it on level 4 of the Dungeon)

   Int:       It affects your intelligence (+5).
   rF:        It protects you from fire.
 r - a +1 pair of boots (worn)
Wands
 A - a wand of flame (21)
 D - a wand of paralysis (8)
Scrolls
 e - 2 scrolls of summoning
 g - a scroll of acquirement {unknown}
 m - a scroll of magic mapping {unknown}
 o - 3 scrolls of holy word {unknown}
 p - 2 scrolls of teleportation {unknown}
 q - a scroll of enchant armour {unknown}
 s - a scroll of noise {unknown}
 t - a scroll of identify {unknown}
 w - a scroll of fear {unknown}
Potions
 d - a potion of flight {unknown}
 i - a potion of curing
 k - a potion of lignification {unknown}
 l - a potion of degeneration {unknown}
 u - 4 potions of heal wounds {unknown}
 v - 2 potions of brilliance {unknown}
 z - a potion of invisibility {unknown}
 B - a potion of attraction {unknown}


   Skills:
 + Level 7.5 Fighting
 + Level 6.0 Axes
 + Level 3.0 Slings
 + Level 7.6 Armour
 + Level 7.6 Shields


You had 8 spell levels left.
You didn't know any spells.
Your spell library contained the following spells:

 Spells                   Type           Power      Damage    Failure   Level
 Foxfire                  Conj/Fire      0%         2x1d4     99%         1
 Corpse Rot               Necr/Air       0%         N/A       100%        2
 Poisonous Vapours        Pois/Air       0%         N/A       100%        2
 Conjure Flame            Conj/Fire      0%         6-21      100%        3
 Inner Flame              Hex/Fire       0%         N/A       100%        3
 Dispel Undead            Necr           0%         3d6       100%        4
 Flame Wave               Conj/Fire      0%         2d4       100%        4
 Death Channel            Necr           Unusable   N/A       N/A         6

Dungeon Overview and Level Annotations

Branches:
Dungeon (8/15)             Temple (1/1) D:5            Lair (0/6) D:8
  Sewer (visited)

Altars:
Ashenzari
Cheibriados
Dithmenos
Elyvilon
Fedhas
Gozag
Hepliaklqana
Kikubaaqudgha
Makhleb
Nemelex Xobeh
Okawaru
Qazlal
Ru
Sif Muna
Uskayaw
Vehumet
Wu Jian
Xom
Yredelemnul

Shops:
D:1 [   D:2 *   D:8 (


Innate Abilities, Weirdness & Mutations

You are immune to sickness and miasma.
Your stone body is resilient. (AC +6)
You are immune to poison.
You resist negative energy. (rN+)
You are resistant to electric shocks. (rElec)
You are resistant to unholy torment.
You are immune to petrification.


Message History

There is a stone staircase leading up here.
You see here a kobold skeleton.
The hornet stings you. The hornet barely misses you.
You climb upwards.
There is a stone staircase leading down here.
You slash the hornet!
The hornet is moderately wounded.
The hornet completely misses you. The hornet stings you!
* * * LOW HITPOINT WARNING * * *
You hit the hornet but do no damage.
The hornet is moderately wounded.
The hornet stings you.
* * * LOW HITPOINT WARNING * * *
You block the hornet's attack.
You feel better. The hornet stings you.
* * * LOW HITPOINT WARNING * * *
You feel a sense of dread.
x - a +2 vampiric hand axe (weapon)
The hornet stings you but does no damage.
You hit the hornet but do no damage.
The hornet is moderately wounded.
You block the hornet's attack. x2
You hit the hornet but do no damage.
The hornet is moderately wounded.
You are no longer corroded.
You block the hornet's attack.
The hornet stings you but does no damage.
You closely miss the hornet.
The hornet is moderately wounded.
The hornet stings you but does no damage.
You slash the hornet!
The hornet is severely wounded.
The hornet stings you.
* * * LOW HITPOINT WARNING * * *
The hornet stings you.
* * * LOW HITPOINT WARNING * * *
You hit the hornet but do no damage.
The hornet is severely wounded.
You block the hornet's attack. The hornet stings you!
You die...

###.....########.# #.#
#..............# #.#
######.#.#######.###########.#
.<.......# #.#...........#
######.### #.#.########### #.#
#.#.........#
##.#########.#########.#
#............## #.#
##.########.@.# #.# ### #.#y#
#.# #...# #.# ##.## #.# #.#
##.# #.# #..# #.# #.## #.# #.#
#### #.# #.#


You could see a hornet.

Vanquished Creatures
  Prince Ribbit (D:7)
  Eustachio (D:5)
  Menkaure (D:6)
  Duvessa (D:5)
  2 water moccasins (D:7)
  2 orc warriors
  An ice beast (D:7)
  2 kobold brigands (D:8)
  A gnoll sergeant (D:8)
  3 bullfrogs
  3 scorpions
  Dowan (D:5)
  3 wights (D:6)
  A centaur zombie (D:5)
  A bullfrog zombie (D:6)
  A jelly (D:6)
  A bullfrog skeleton (D:5)
  An orc priest (D:5)
  2 hounds
  5 iguanas
  7 orc wizards
  Terence (D:3)
  A hound skeleton (D:4)
  16 adders
  7 gnolls
  A howler monkey skeleton (D:6)
  A shadow imp (D:8)
  2 white imps (D:6)
  An ufetubus (D:5)
  2 worms
  2 dart slugs
  27 orcs
  23 endoplasms
  14 giant cockroaches
  5 goblins
  5 hobgoblins
  13 jackals
  18 quokkas
  14 ball pythons
  8 bats
  14 frilled lizards
  16 kobolds
  7 rats
239 creatures vanquished.

Notes
Turn   | Place    | Note
-------+----------+-------------------------------------------
     0 | D:1      | Glundar the Gargoyle Fighter began the quest for the Orb.
     0 | D:1      | Reached XP level 1. HP: 14/14 MP: 1/1
     1 | D:1      | Found a runed translucent door.
   213 | D:1      | Reached XP level 2. HP: 19/19 MP: 2/2
   381 | D:1      | Found Weimis's Antique Armour Emporium.
   576 | D:1      | Reached XP level 3. HP: 13/23 MP: 3/3
  1166 | D:2      | Reached XP level 4. HP: 24/29 MP: 4/4
  1628 | D:2      | Found a hide-covered altar of Uskayaw.
  1673 | D:2      | Found Teneeh's General Store.
  1681 | D:2      | Bought a potion of curing for 36 gold pieces
  2356 | D:4      | Identified the +5 chain mail of Oleoh {rF+ Int+5}
  2461 | D:3      | Noticed Terence
  2468 | D:3      | Killed Terence
  2469 | D:3      | Reached XP level 5. HP: 30/33 MP: 5/5
  3250 | D:4      | Reached XP level 6. HP: 39/39 MP: 6/6
  3503 | D:5      | Entered Level 5 of the Dungeon
  3560 | D:5      | Noticed Duvessa
  3560 | D:5      | Noticed Dowan
  3593 | D:5      | Killed Duvessa
  3594 | D:5      | Reached skill level 5 in Fighting
  3594 | D:5      | Reached skill level 5 in Armour
  3594 | D:5      | Reached skill level 5 in Shields
  3594 | D:5      | Reached XP level 7. HP: 10/44 MP: 7/7
  3597 | D:5      | Killed Dowan
  3958 | D:5      | Found a glowing drain.
  3968 | Sewer    | Entered a sewer
  4505 | D:5      | Noticed Eustachio
  4522 | D:5      | Reached XP level 8. HP: 37/51 MP: 8/8
  4580 | D:5      | Killed Eustachio
  5035 | D:5      | Found a staircase to the Ecumenical Temple.
  5042 | Temple   | Entered the Ecumenical Temple
  5089 | Temple   | Became a worshipper of Warmaster Okawaru
  6190 | D:6      | Reached skill level 5 in Axes
  6254 | D:6      | Found a white marble altar of Elyvilon.
  6330 | D:6      | Found a shadowy altar of Dithmenos.
  6356 | D:6      | Found a radiant altar of Vehumet.
  6615 | D:6      | Noticed Menkaure
  6631 | D:6      | Killed Menkaure
  7051 | D:7      | Noticed Prince Ribbit
  7070 | D:7      | Reached skill level 1 in Slings
  7082 | D:7      | Reached * piety under Okawaru
  7089 | D:7      | Reached XP level 9. HP: 30/56 MP: 9/9
  7131 | D:7      | HP: 1/57 [Prince Ribbit (9)]
  7138 | D:7      | Killed Prince Ribbit
  7536 | D:7      | Found a sparkling altar of Nemelex Xobeh.
  7536 | D:7      | Found an opulent altar of Gozag.
  7968 | D:8      | Found Daov's Antique Weapon Shop.
  8196 | D:8      | Reached ** piety under Okawaru
  8407 | D:8      | Found a stormy altar of Qazlal.
  8444 | D:8      | Found a staircase to the Lair.
  8564 | D:8      | Noticed a hornet
  8591 | D:7      | Slain by a hornet

Illustrated notes

Levels and vault maps discovered:
D:1:      dpeg_arrival_caged_fury, layout_loops_ring, serial_shops, shop,
          serial_bayou_pond_e
D:2:      layout_basic, serial_shops, shop, basic_altar,
          kennysheep_generic_room_10
D:3:      layout_basic, minmay_misc_feat_encased, minmay_statues_item,
          uniq_terence
D:4:      layout_loops_ring, mainiacjoe_overflow_concentric_impassable, tgw_trog
D:5:      layout_loops_corners, minmay_temple_entry_tees, portal_sewer_entry_f,
          uniq_duvessa, uniq_eustachio
D:6:      layout_basic, mainiacjoe_overflow_boulevard,
          mainiacjoe_overflow_big_doors, uniq_menkaure
D:7:      layout_loops_ring, grunt_temple_overflow_opulence, lightli_minifort,
          uniq_prince_ribbit1
D:8:      layout_cave_pools, mainiacjoe_overflow_cross_hatched,
          lair_entry_dummy, serial_shops, nicolae_shop_statue_plus,
          roderic_batcave
Temple:   cyrus_circular_temple

Skill      XL: |  1  2  3  4  5  6  7  8  9 |
---------------+----------------------------+-----
Axes           | 2 3 4 5 6 |  6.0
Armour         | 4 5 6 7 |  7.6
Shields        | 4 5 6 7 |  7.6
Fighting       | 4 5 6 7 |  7.5
Slings         | 1 3 |  3.0

Action                   |  1- 3 |  4- 6 |  7- 9 || total
-------------------------+-------+-------+-------++-------
Melee: War axe           |   129 |   208 |   516 ||   853
       Hand axe          |       |       |    94 ||    94
  Use: Potion            |       |     2 |     6 ||     8
       Scroll            |       |       |     1 ||     1
Armor: Scale mail        |    15 |       |       ||    15
       Chain mail        |    93 |   177 |   600 ||   870
Dodge: Dodged            |    62 |    49 |   229 ||   340
Block: Buckler           |    31 |       |       ||    31
       Kite shield       |       |    88 |   368 ||   456

Table legend: (Time is in decaauts)
 A = Elapsed time spent in this place.
 B = Non-inter-level travel time spent in this place.
 C = Inter-level travel time spent in this place.
 D = Time resting spent in this place.
 E = Time spent auto-exploring this place.
 F = Levels seen in this place.
 G = Mean time per level.
                   A        B        C        D        E       F      G
               +--------+--------+--------+--------+--------+-----+--------+
         Total |   9075 |   8801 |    274 |   1038 |   4681 |  10 |  907.5 |
       Dungeon |   8328 |   8062 |    266 |    934 |   4632 |   8 | 1041.0 |
        Temple |     71 |     63 |      8 |      0 |     49 |   1 |   71.0 |
         Sewer |    675 |    675 |      0 |    104 |      0 |   1 |  675.0 |
               +--------+--------+--------+--------+--------+-----+--------+

Top non-repeatable levels by time:
     D:5: 1633 daAuts
     D:6: 1277 daAuts
     D:7: 1190 daAuts
     D:1: 1188 daAuts
     D:2: 1148 daAuts
     D:3: 872 daAuts
   Sewer: 675 daAuts
     D:4: 563 daAuts
     D:8: 456 daAuts
  Temple: 71 daAuts
